 Dungeon Crawl Stone Soup version 0.28.0-62-gf88900778d (webtiles) character file.

Game seed: 9713848027556506733

18 cbfl8 the Skirmisher (level 2, -3/24 HPs)
             Began as a Demonspawn Fighter on July 5, 2023.
             Slain by an adder (4 damage)
             ... on level 2 of the Dungeon.
             The game lasted 00:00:41 (291 turns).

cbfl8 the Skirmisher (Demonspawn Fighter)            Turns: 291, Time: 00:00:41

Health: -3/24      AC:  6    Str: 16    XL:     2   Next: 51%
Magic:  2/2        EV:  8    Int:  9    God:
Gold:   10         SH:  4    Dex: 12    Spells: 1/1 levels left

rFire   . . .      SeeInvis .   a - +0 war axe
rCold   . . .      Faith    .   c - +0 buckler
rNeg    . . .      Spirit   .   b - +0 scale mail
rPois   .          Reflect  .   (no helmet)
rElec   .          Harm     .   (no cloak)
rCorr   .          Rampage  .   (no gloves)
Will    .....                   (no boots)
Stlth   ..........              (no amulet)
HPRegen 0.08/turn               (no ring)
MPRegen 0.08/turn               (no ring)

@: lethally poisoned (-3 -> -6)
A: weakness stinger 1
a: no special abilities


You were on level 2 of the Dungeon.
You visited 1 branch of the dungeon, and saw 2 of its levels.

You collected 10 gold pieces.

Inventory:

Hand Weapons
 a - a +0 war axe (weapon)
Armour
 b - a +0 scale mail (worn)
 c - a +0 buckler (worn)
Scrolls
 f - 2 scrolls of noise
 g - a scroll of enchant weapon


   Skills:
 + Level 3.2 Fighting
 + Level 2.0 Axes
 * Level 0.3 Throwing
 + Level 2.7 Armour
 + Level 2.8 Shields
 * Level 1.1 Invocations
 * Level 0.3 Evocations


You had one spell level left.
You didn't know any spells.
Your spell library was empty.

Dungeon Overview and Level Annotations

Branches:
Dungeon (1/15)

Altars:


Innate Abilities, Weirdness & Mutations

You have a small tail.


Message History

An adder is nearby!
The adder bites you.
You are poisoned.
The adder poisons you!
You miss the adder.
You feel sick. The adder barely misses you.
The adder bites you but does no damage.
You closely miss the adder.
You feel sick. The adder bites you but does no damage.
The adder barely misses you.
You barely miss the adder.
Your tail-slap misses the adder.
You feel sick.
You are no longer poisoned.
The adder closely misses you. The adder bites you.
You are poisoned.
The adder poisons you!
You hit the adder but do no damage.
You feel sick. The adder bites you but does no damage. The adder bites you.
You are lethally poisoned!
The adder poisons you!
You are too injured to fight recklessly!
You aren't carrying any potions.
As you read the scroll labelled YFAJOC KEYNOU, it crumbles to dust.
You hear a loud clanging noise!
It was a scroll of noise.
You feel sick.
You hear an angry hiss. x2; You hear a shout! x2
The adder bites you but does no damage.
As you read the scroll labelled PAT AFEXULEES, it crumbles to dust.
It is a scroll of identify.
g - a scroll of enchant weapon
* * * LOW HITPOINT WARNING * * *
You feel sick.
A frilled lizard comes into view.
The adder bites you but does no damage.
Okay, then.
You miss the adder.
* * * LOW HITPOINT WARNING * * *
You feel sick. The adder bites you but does no damage. The adder bites you.
* * * LOW HITPOINT WARNING * * *
You barely miss the adder.
* * * LOW HITPOINT WARNING * * *
You feel sick. The adder barely misses you. The adder bites you.
You die...

#... #... . #. #...
.. ## . #..# ... .
... . ..# .... ..
#.#.#. #.# ....# ...
......##)####.(l...
..
#.#........@S......
#.#.###...?....$..###
#...######.##...#.#
#.....()...##.#.# #
#############.....
....### .#### .


You could see an adder and a frilled lizard.

Vanquished Creatures
  An adder (D:2)
  A dart slug (D:2)
  A bat (D:1)
  A hobgoblin (D:1)
  2 kobolds (D:2)
  A frilled lizard (D:1)
  2 rats (D:1)
9 creatures vanquished.

Notes
Turn   | Place    | Note
-------+----------+-------------------------------------------
     0 | D:1      | cbfl8 the Demonspawn Fighter began the quest for the Orb.
     0 | D:1      | Reached XP level 1. HP: 18/18 MP: 1/1
   133 | D:1      | You fall into a shaft and drop 1 floor!
   148 | D:2      | Reached skill level 1 in Invocations
   148 | D:2      | Gained mutation: You have a small tail. [demonic ancestry]
   148 | D:2      | Reached XP level 2. HP: 11/24 MP: 2/2
   291 | D:2      | HP: 1/24 [poisoned by an adder]
   291 | D:2      | Slain by an adder

Illustrated notes

Levels and vault maps discovered:
D:1:      roderic_crossed_star, layout_basic
D:2:      layout_basic, uniq_terence

Skill      XL: |  1 |
---------------+----+-----
Axes           | 2 |  2.0
Invocations    | 1 |  1.1
Fighting       | |  3.2
Throwing       | |  0.3
Armour         | |  2.7
Shields        | |  2.8
Evocations     | |  0.3

Action                   || total
-------------------------++-------
Melee: War axe           ||    38
  Use: Potion            ||     1
       Scroll            ||     2
Armor: Scale mail        ||    26
Dodge: Dodged            ||    23
Block: Buckler           ||     9
